 Dungeon Crawl Stone Soup version 0.27-a0-705-ga0013940fb (webtiles) character file.

Game seed: 6520533781691180576

53908 Klosterheim the Destroyer (level 14, -3/113 HPs)
             Began as a Grey Draconian Conjurer on Mar 23, 2021.
             Was an Elder of Vehumet.
             Slain by an ettin
             ... wielding a +0 dire flail
              (15 damage)
             ... on level 1 of the Orcish Mines.
             The game lasted 01:05:57 (30627 turns).

Klosterheim the Destroyer (DrCj)                   Turns: 30627, Time: 01:05:58

Health: -3/113     AC: 23    Str:  9    XL:     14   Next: 32%
Magic:  24/24      EV: 28    Int: 30    God:    Vehumet [****..]
Gold:   1067       SH:  0    Dex: 10    Spells: 12/27 levels left

rFire    . . .     SeeInvis .   e - staff of earth
rCold    . . .     Faith    .   (no shield)
rNeg     . . .     Spirit   .   (armour unavailable)
rPois    .         Reflect  .   (helmet restricted)
rElec    .         Harm     .   (no cloak)
rCorr    .         Rampage  .   j - +2 pair of gloves
Will     +....                  M - +2 pair of boots
Stlth    +++.......             n - amulet of the acrobat
HPRegen  0.28/turn              a - +4 ring of protection
MPRegen  0.19/turn              u - +6 ring of intelligence

@: acrobatic
A: AC +13, unfitting armour, unbreathing 2, cold-blooded
a: Renounce Religion


You were on level 1 of the Orcish Mines.
You worshipped Vehumet.
Vehumet was greatly pleased with you.
You visited 4 branches of the dungeon, and saw 21 of its levels.

You collected 1067 gold pieces.

Inventory:

Hand Weapons
 w - the +7 great mace "Undeadhunter" {disrupt, rN+}
   (You found it on level 5 of the Dungeon)

   It protects you from negative energy.
Armour
 j - a +2 pair of gloves (worn)
 M - a +2 pair of boots (worn)
Magical Staves
 e - a staff of earth (weapon)
Jewellery
 a - a +4 ring of protection (right hand)
 f - an amulet of reflection
 i - a ring of protection from cold
 k - an amulet of regeneration
 n - an amulet of the acrobat (around neck)
 t - the ring "Conyipp" {rF+ Dex+3}
   (You found it on level 4 of the Dungeon)

   [ring of protection from fire]

   It affects your dexterity (+3).
   It protects you from fire.
 u - a +6 ring of intelligence (left hand)
 y - a ring of flight
 B - a ring of positive energy
 F - an amulet of faith
 N - a +6 ring of intelligence
 R - a ring of fire
 T - the amulet of the Priest {Faith Fragile rC+ Dex+3}
   (You found it on level 6 of the Lair of Beasts)

   [amulet of faith]

   It allows you to gain divine favour quickly.
   It affects your dexterity (+3).
   It protects you from cold.
   It will be destroyed if unequipped.
Wands
 m - a wand of random effects (20)
 o - a wand of iceblast (32)
 p - a wand of charming (6)
 v - a wand of acid (2)
 D - a wand of flame (24)
 P - a wand of mindburst (31)
 Q - a wand of paralysis (9)
Scrolls
 c - 9 scrolls of teleportation
 h - a scroll of summoning
 A - 7 scrolls of identify
 E - a scroll of immolation
 G - 5 scrolls of enchant weapon
 J - 4 scrolls of amnesia
 L - a scroll of acquirement {unknown}
 O - a scroll of magic mapping
 S - a scroll of brand weapon {unknown}
Potions
 b - 5 potions of mutation
 d - 5 potions of lignification
 g - 2 potions of ambrosia
 l - 7 potions of curing
 q - 3 potions of flight
 r - a potion of haste
 s - 2 potions of invisibility
 x - 3 potions of brilliance
 z - 2 potions of attraction
 C - 2 potions of might
 I - a potion of experience {unknown}
 K - 2 potions of cancellation {unknown}
Miscellaneous
 H - a phial of floods


   Skills:
 - Level 7.0 Fighting
 + Level 10.4 Staves
 - Level 5.0 Dodging
 - Level 5.0 Stealth
 - Level 7.0 Spellcasting
 - Level 14.0 Conjurations
 - Level 5.0 Hexes
 - Level 14.0 Earth Magic
 - Level 6.0 Evocations


You had 12 spell levels left.
You knew the following spells:

 Your Spells              Type           Power      Damage    Failure   Level
a - Stone Arrow           Conj/Erth      100%       3d13      1%          3
b - Iron Shot             Conj/Erth      48%        9d9       1%          6
c - Fulminant Prism       Conj/Hex       30%        3d16      1%          4
d - Searing Ray           Conj           100%       3d7       0%          2

Your spell library contained the following spells:

 Spells                   Type           Power      Damage    Failure   Level
 Eringya's Noxious Bog    Tmut/Pois      5%         N/A       83%         6
 Magic Dart               Conj           100%       1d8       0%          1
 Slow                     Hex            40%        N/A       1%          2
 Conjure Flame            Conj/Fire      51%        6-21      1%          3
 Dazzling Flash           Conj/Hex       100%       N/A       1%          3
 Mephitic Cloud           Conj/Pois/Air  38%        N/A       1%          3
 Iskenderun's Mystic Bla  Conj/Tloc      51%        2d11      1%          4
 Bolt of Magma            Conj/Fire/Erth 39%        4d17      1%          5
 Iskenderun's Battlesphe  Conj           76%        2d12      1%          5
 Orb of Destruction       Conj           38%        9d13      3%          7
 Animate Skeleton         Necr           20%        N/A       4%          1
 Pain                     Necr           40%        1d6       4%          1
 Sting                    Tmut/Pois      40%        1d5       4%          1
 Ignite Poison            Fire/Tmut/Pois 10%        N/A       4%          3
 Blink                    Tloc           N/A        N/A       7%          2
 Call Imp                 Summ           10%        N/A       7%          2
 Corpse Rot               Necr/Air       N/A        N/A       7%          2
 Poisonous Vapours        Pois/Air       20%        N/A       7%          2
 Sublimation of Blood     Necr           5%         N/A       7%          2
 Olgreb's Toxic Radiance  Pois           10%        N/A       13%         4
 Vampiric Draining        Necr           5%         2d6       14%         3
 Animate Dead             Necr           5%         N/A       43%         4
 Dispel Undead            Necr           10%        3d9       43%         4
 Spellforged Servitor     Conj/Summ      25%        N/A       47%         7
 Agony                    Necr           10%        N/A       78%         5
 Excruciating Wounds      Necr           5%         N/A       78%         5


Dungeon Overview and Level Annotations

Branches:
Dungeon (12/15)            Temple (1/1) D:6            Lair (6/6) D:10
  Swamp (0/4) Lair:3        Snake (0/4) Lair:4        Slime (0/5) Lair:5
    Orc (2/2) D:9
    Elf: Orc:2

Altars:
Cheibriados
Gozag
Makhleb
Ru
Trog
Uskayaw
Vehumet
Xom
Zin
Beogh

Shops:
Orc:1 ?   Orc:2 [

Annotations:
D:12 Kirke


Innate Abilities, Weirdness & Mutations

Your dull iron-grey scales are very hard. (AC +13)
You cannot fit into any form of body armour.
You can survive without breathing, even under water.
You are cold-blooded and may be slowed by cold attacks.


Message History

You start resting.
HP restored.
You start resting.
Magic restored.
Things that are here:
a +0 plate armour; a +0 dire flail
Things that are here:
a +0 dagger; a +0 robe; an orc corpse
There is a stone staircase leading down, spattered with blood here.
You climb downwards.
The orc sorcerer gestures wildly while chanting.
The orc warrior hits you with a +0 scimitar!
The orc warrior hits you but does no damage.
A troll comes into view.
There is a stone staircase leading up, spattered with blood here.
Unknown command.
The troll shouts!
The orc warrior hits you with a +0 scimitar!
The orc warrior hits you but does no damage.
The orc warlord hits you with a +0 great sword!!
The ettin hits you with a +0 dire flail!!
* * * LOW HITPOINT WARNING * * *
The ettin hits you with a +0 dire flail.
* * * LOW HITPOINT WARNING * * *
The orc knight roars a battlecry!
The orcs go into a battle-frenzy!
The orc warrior misses you.
You climb upwards.
There is a stone staircase leading down, spattered with blood here.
Okay, then.
Okay, then.
Okay, then.
The orc warrior misses you.
Things that are here:
a +0 ring mail; a +0 club The orc warrior hits you with a +0 flail!
* * * LOW HITPOINT WARNING * * *
The ettin closely misses you.
The ettin hits you with a +0 dire flail!
You die...

_....#.........##
................###
..................##
##.................#
#.......#..........###
.......[####.........##
.........####.........#
..........###........##
#...........#..C@...##
##.............oo.###
##..........[o[#.#
###.#.....[[>.###
###.........#
#.......### ##...####
#..### ##...#


You could see an orc warlord (strong), an ettin and 2 orc warriors.

Vanquished Creatures
  A fire dragon (Lair:6)
  6 hydras
  A catoblepas (Lair:2)
  A boulder beetle (Lair:1)
  Urug (D:12)
  2 two-headed ogres
  Sonja (D:11)
  A lindwurm (Lair:6)
  An orc knight (Orc:1)
  An orc sorcerer (Orc:1)
  An oklob plant (Lair:5)
  A manticore (D:11)
  Joseph (D:7)
  7 black mambas
  24 elephants
  11 cane toads
  5 rime drakes
  3 torpor snails
  2 molten gargoyles (Lair:6)
  Psyche (D:8)
  9 komodo dragons
  A hornet (D:8)
  2 trolls
  2 polar bears
  13 blink frogs
  A wraith (D:11)
  51 yaks
  4 wyverns (Lair:6)
  5 basilisks
  3 hogs (D:12)
  5 steam dragons
  A warg (D:9)
  Edmund (D:6)
  4 nagas (Lair:4)
  12 water moccasins
  5 hell hounds (Lair:6)
  A swamp drake (Lair:3)
  5 orc warriors
  2 black bears
  4 necrophages
  7 wolves
  5 ice beasts
  5 sky beasts
  2 ogres (D:5)
  11 centaurs
  A phantom (D:6)
  12 bullfrogs
  2 kobold brigands
  2 wyvern zombies
  10 scorpions
  16 killer bees
  9 howler monkeys
  3 wights (D:10)
  An electric eel (Lair:3)
  5 lava snakes (Lair:6)
  2 centaur skeletons (D:10)
  6 orc priests
  2 bullfrog zombies (D:9)
  8 hounds
  5 bullfrog skeletons
  3 iguanas
  Natasha (thrice) (D:5)
  17 orc wizards
  9 worker ants
  A worker ant zombie (D:11)
  8 gnolls
  22 adders
  2 white imps
  5 adder skeletons
  7 worms
  3 dart slugs
  55 orcs
  7 ball pythons
  6 giant cockroaches
  5 goblins
  8 hobgoblins
  19 jackals
  19 kobolds
  11 oozes
  13 quokkas
  5 bats
  5 frilled lizards
  A quokka zombie (D:5)
  8 rats
559 creatures vanquished.

Vanquished Creatures (others)
  A butterfly (Lair:3)
  21 fulminant prisms
  45 fungi
  58 plants
125 creatures vanquished.

Grand Total: 684 creatures vanquished

Notes
Turn   | Place    | Note
-------+----------+-------------------------------------------
     0 | D:1      | Klosterheim the Draconian Conjurer began the quest for the
                  | Orb.
     0 | D:1      | Reached XP level 1. HP: 14/14 MP: 3/3
   196 | D:1      | Reached XP level 2. HP: 20/20 MP: 1/5
  1130 | D:2      | Reached XP level 3. HP: 26/26 MP: 2/6
  1139 | D:2      | Learned a level 2 spell: Searing Ray
  1322 | D:2      | Reached skill level 5 in Conjurations
  1662 | D:2      | Noticed a moth of wrath
  1665 | D:2      | Found a bloodstained altar of Trog.
  2391 | D:3      | Reached XP level 4. HP: 33/33 MP: 2/7
  3128 | D:3      | Reached XP level 5. HP: 38/38 MP: 4/9
  3587 | D:3      | You fall into a shaft and drop 3 floors!
  3588 | D:6      | Noticed a phantom
  3657 | D:6      | Reached XP level 6. HP: 40/45 MP: 4/10
  3826 | D:6      | Noticed Edmund
  3831 | D:5      | Entered Level 5 of the Dungeon
  3946 | D:5      | Your scales start taking on a dull iron-grey colour.
  3946 | D:5      | Reached XP level 7. HP: 50/50 MP: 4/11
  3946 | D:5      | Gained mutation: You can survive without breathing. [Grey
                  | Draconian growth]
  3946 | D:5      | Gained mutation: You can survive without breathing, even
                  | under water. [Grey Draconian growth]
  4237 | D:4      | Noticed Natasha
  4454 | D:5      | Killed Natasha
  4609 | D:5      | Learned a level 4 spell: Fulminant Prism
  4646 | D:5      | Noticed Natasha
  4649 | D:5      | Killed Natasha
  5213 | D:4      | Identified the ring "Conyipp" {rF+ Dex+3}
  5452 | D:4      | Reached XP level 8. HP: 52/57 MP: 0/12
  5669 | D:4      | Reached skill level 1 in Hexes
  6002 | D:5      | Found the +7 great mace "Undeadhunter" {disrupt, rN+}
  6130 | D:5      | Noticed Natasha
  6139 | D:5      | Killed Natasha
  6580 | D:6      | Killed Edmund
  6581 | D:6      | Reached skill level 10 in Conjurations
  6918 | D:6      | Found a staircase to the Ecumenical Temple.
  7012 | Temple   | Entered the Ecumenical Temple
  7066 | Temple   | Became a worshipper of Vehumet
  7176 | D:6      | Reached skill level 1 in Fighting
  8205 | D:6      | Reached XP level 9. HP: 50/70 MP: 11/14
  8588 | D:7      | Reached * piety under Vehumet
  8588 | D:7      | Offered knowledge of Shock by Vehumet.
  8772 | D:7      | Noticed Joseph
  8797 | D:7      | You fall into a shaft and drop 3 floors!
  8797 | D:10     | Entered Level 10 of the Dungeon
  9068 | D:8      | Found a shimmering altar of Xom.
  9115 | D:8      | Found a glowing silver altar of Zin.
  9119 | D:8      | Found a sacrificial altar of Ru.
  9190 | D:8      | Noticed Psyche
  9195 | D:8      | Killed Psyche
  9471 | D:7      | Killed Joseph
  9472 | D:7      | Reached skill level 5 in Fighting
  9472 | D:7      | Reached skill level 5 in Spellcasting
 10118 | D:8      | Found a burning altar of Makhleb.
 10196 | D:8      | Reached XP level 10. HP: 81/81 MP: 13/17
 10687 | D:8      | Reached ** piety under Vehumet
 10687 | D:8      | Offered knowledge of Freeze by Vehumet.
 12131 | D:9      | Noticed a two-headed ogre
 12138 | D:9      | Killed a two-headed ogre
 12201 | D:9      | Found a staircase to the Orcish Mines.
 13043 | D:10     | Found a staircase to the Lair.
 13209 | D:10     | Offered knowledge of Stone Arrow by Vehumet.
 13214 | D:10     | Learned a level 3 spell: Stone Arrow
 13425 | D:10     | Noticed a two-headed ogre
 13454 | D:10     | Killed a two-headed ogre
 14012 | D:11     | Noticed Sonja
 14075 | D:11     | Killed Sonja
 14076 | D:11     | Reached skill level 5 in Hexes
 14076 | D:11     | Reached XP level 11. HP: 86/86 MP: 15/19
 14076 | D:11     | Reached *** piety under Vehumet
 14335 | D:11     | Reached skill level 5 in Earth Magic
 15440 | D:11     | Offered knowledge of Frozen Ramparts by Vehumet.
 15714 | D:12     | Reached **** piety under Vehumet
 15811 | D:12     | Noticed Kirke
 15811 | D:12     | Noticed Urug
 15826 | D:12     | Killed Urug
 15826 | D:12     | Offered knowledge of Static Discharge by Vehumet.
 16150 | Lair:1   | Entered Level 1 of the Lair of Beasts
 16449 | Lair:1   | Reached skill level 10 in Earth Magic
 17005 | Lair:1   | Noticed a five-headed hydra
 17010 | Lair:1   | Killed a five-headed hydra
 17011 | Lair:1   | Reached XP level 12. HP: 95/95 MP: 8/21
 18108 | Lair:2   | Noticed a boulder beetle
 18446 | Lair:2   | You fall into a shaft and drop 1 floor!
 18458 | Lair:2   | Noticed a five-headed hydra
 18461 | Lair:2   | Killed a five-headed hydra
 18528 | Lair:2   | Noticed a catoblepas
 18531 | Lair:2   | Reached skill level 5 in Dodging
 18541 | Lair:2   | Killed a catoblepas
 18881 | Lair:2   | Reached skill level 1 in Evocations
 19404 | Lair:2   | Found a snail-covered altar of Cheibriados.
 20487 | Lair:3   | Reached skill level 5 in Evocations
 20782 | Lair:3   | Found a staircase to the Swamp.
 22094 | Lair:4   | Reached XP level 13. HP: 97/105 MP: 6/23
 23227 | Lair:4   | Learned a level 6 spell: Iron Shot
 23249 | Lair:4   | Reached ***** piety under Vehumet
 23578 | Lair:4   | Found a staircase to the Snake Pit.
 23595 | Lair:4   | Offered knowledge of Eringya's Noxious Bog by Vehumet.
 23654 | Lair:4   | Identified the +2 hunting sling of Shame {vorpal, *Contam
                  | rElec rPois}
 24457 | Lair:5   | Reached skill level 1 in Staves
 24804 | Lair:5   | Reached skill level 5 in Stealth
 25680 | Lair:5   | Found a staircase to the Slime Pits.
 25815 | Lair:5   | Reached skill level 5 in Staves
 26174 | Lair:6   | Entered Level 6 of the Lair of Beasts
 27424 | Lair:6   | Reached XP level 14. HP: 113/113 MP: 8/24
 28909 | Lair:6   | Found a large runed translucent door.
 29534 | Lair:6   | Found a large runed translucent door.
 29623 | Lair:6   | Identified the amulet of the Priest {Faith Fragile rC+
                  | Dex+3}
 29983 | Lair:1   | Reached skill level 10 in Staves
 30074 | Orc:1    | Entered Level 1 of the Orcish Mines
 30074 | Orc:1    | Found Hoosog's Magic Scroll Emporium.
 30345 | Orc:2    | Entered Level 2 of the Orcish Mines
 30345 | Orc:2    | Found Gaol's Antique Armour Boutique.
 30345 | Orc:2    | Noticed an orc warlord
 30627 | Orc:1    | Slain by an ettin

Illustrated notes

Levels and vault maps discovered:
D:1:      psy_arrival_statuary, layout_basic, kennysheep_nondescript,
          serial_bayou_pond_d, serial_park_tiny_2, st_stairs_10
D:2:      layout_rooms, tgw_trog, minmay_distorted
D:3:      layout_basic
D:4:      layout_rooms, uniq_natasha
D:5:      layout_basic, wad_floor_pattern_2
D:6:      layout_basic, minmay_temple_entry_offerings, gup_sewer_entry_pipe,
          uniq_edmund
D:7:      layout_basic, uniq_joseph
D:8:      layout_loops_corners, minmay_overflow_temple_star_quad, basic_altar,
          uniq_psyche
D:9:      layout_basic, orc_0_dummy, minmay_starry_boxes
D:10:     layout_basic, dpeg_oklobed_lair
D:11:     layout_loops_ring, uniq_sonja
D:12:     layout_roguey, gauntlet_entry_generic, uniq_kirke, uniq_urug
Temple:   dpeg_five_rooms_temple
Lair:1:   layout_cave_pods, lemuel_fruit_fields, grunt_megastairs_5,
          lemuel_fruit_tree
Lair:2:   layout_regular_city, chequers_serial_rivers_large_b,
          grunt_forest_stairs_basic, kennysheep_snail_temple
Lair:3:   layout_loops_ring, minmay_swamp_entry_reptiles, grunt_megastairs_1,
          serial_bayou_shore_a, infiniplex_staircase_pool, serial_bayou_shore_b,
          lemuel_fruit_fields
Lair:4:   layout_loops_ring, minmay_snake_entry_guardpost_small, st_stairs_5,
          grunt_megastairs_2
Lair:5:   layout_roguey, slime_dummy
Lair:6:   cheibrodos_lair_end_hotspot, layout_layer_cave
Orc:1:    layout_diamond_mine, basic_altar, serial_shops, shop,
          ebering_ghost_xom
Orc:2:    grunt_orc_gardens, layout_diamond_mine, grunt_orc_garden,
          grunt_orc_garden, grunt_orc_garden, grunt_orc_garden, uniq_azrael

Skill      XL: |  1  2  3  4  5  6  7  8  9 10 11 12 13 14 |
---------------+-------------------------------------------+-----
Stealth        | 2 5 |  5.0
Dodging        | 2 4 5 |  5.0
Conjurations   | 5 6 8 9 10 11 13 14 | 14.0
Spellcasting   | 3 5 6 7 |  7.0
Hexes          | 4 5 |  5.0
Fighting       | 3 5 7 |  7.0
Earth Magic    | 3 10 12 14 | 14.0
Evocations     | 5 6 |  6.0
Staves         | 8 10 | 10.4

Action                   |  1- 3 |  4- 6 |  7- 9 | 10-12 | 13-15 || total
-------------------------+-------+-------+-------+-------+-------++-------
Melee: Staff             |    25 |    57 |    46 |   101 |   202 ||   431
       Tailslap          |     3 |     3 |     5 |    15 |    16 ||    42
       Great mace        |       |       |    41 |    11 |       ||    52
 Cast: Magic Dart        |    81 |    47 |   161 |    44 |       ||   333
       Searing Ray       |     5 |    13 |    47 |    71 |     9 ||   145
       Fulminant Prism   |       |       |     5 |    10 |     6 ||    21
       Stone Arrow       |       |       |       |   204 |    89 ||   293
       Iron Shot         |       |       |       |       |    98 ||    98
Evoke: Wand              |       |       |       |       |     8 ||     8
       Phial of floods   |       |       |       |       |     1 ||     1
  Use: Potion            |       |     2 |       |     2 |     1 ||     5
       Scroll            |       |       |    15 |     6 |       ||    21
 Stab: Sleeping          |       |       |     1 |       |     1 ||     2
       Paralysed         |       |       |       |       |     8 ||     8
Armor: Skin              |     7 |    52 |   106 |   181 |   217 ||   563
Dodge: Dodged            |    20 |   130 |   177 |   296 |   379 ||  1002

Table legend: (Time is in decaauts)
 A = Elapsed time spent in this place.
 B = Non-inter-level travel time spent in this place.
 C = Inter-level travel time spent in this place.
 D = Time resting spent in this place.
 E = Time spent auto-exploring this place.
 F = Levels seen in this place.
 G = Mean time per level.
                   A        B        C        D        E       F      G
               +--------+--------+--------+--------+--------+-----+--------+
         Total |  30739 |  29818 |    921 |  13384 |  12400 |  21 | 1463.8 |
       Dungeon |  16254 |  15739 |    515 |   6380 |   7121 |  12 | 1354.5 |
        Temple |     87 |     55 |     32 |      0 |     40 |   1 |   87.0 |
          Lair |  13913 |  13550 |    363 |   6709 |   5154 |   6 | 2318.8 |
  Orcish Mines |    483 |    473 |     10 |    295 |     85 |   2 |  241.5 |
               +--------+--------+--------+--------+--------+-----+--------+

Top non-repeatable levels by time:
  Lair:6: 3213 daAuts
  Lair:4: 2483 daAuts
  Lair:5: 2308 daAuts
  Lair:1: 2022 daAuts
     D:6: 2014 daAuts
  Lair:2: 2008 daAuts
  Lair:3: 1877 daAuts
    D:11: 1762 daAuts
     D:8: 1679 daAuts
     D:9: 1558 daAuts
     D:5: 1540 daAuts
    D:10: 1526 daAuts
     D:3: 1312 daAuts
     D:2: 1226 daAuts
     D:4: 1166 daAuts
